 Dungeon Crawl Stone Soup version 0.21-a0-414-gba8bdf1 (webtiles) character file.

3023 HAL9000 the Transmogrifier (level 9, -3/64 HPs)
             Began as a White Draconian Transmuter on Nov 1, 2017.
             Slain by a killer bee (8 damage)
             ... on level 7 of the Dungeon on Nov 2, 2017.
             The game lasted 00:20:35 (9592 turns).

HAL9000 the Transmogrifier (DrTm)                   Turns: 9592, Time: 00:20:36

Health: -3/64      AC:  8    Str: 14    XL:     9   Next: 55%
Magic:  18/21      EV: 12    Int: 15    God:
Gold:   294        SH:  0    Dex: 12    Spells: 1/12 levels left

rFire    . . .     SeeInvis .     - Unarmed
rCold    + . .     Gourm    .   (shield currently unavailable)
rNeg     . . .     Faith    +   (armour unavailable)
rPois    .         Spirit   .   (helmet restricted)
rElec    .         Reflect  .   (no cloak)
rCorr    .         Harm     .   (gloves currently unavailable)
MR       .....                  S - +0 pair of boots
Stlth    +.........             r - amulet of faith
HPRegen  0.20/turn              R - ring of magical power
MPRegen  0.17/turn              (no ring)

@: lethally poisoned (-3 -> -23), blade hands
A: breathe frost, unfitting armour, cold resistance 1, cold-blooded, AC +7
a: Breathe Frost, End Transformation


You were on level 7 of the Dungeon.
You were hungry.
You had blades for hands.
You visited 1 branch of the dungeon, and saw 7 of its levels.

You collected 294 gold pieces.

Inventory:

Missiles
 a - 87 arrows
Armour
 x - a +0 buckler
 S - a +0 pair of boots (worn)
 U - a +1 pair of gloves (melded)
Jewellery
 r - an amulet of faith (around neck)
 R - a ring of magical power (left scythe-like blade)
 T - an uncursed amulet of regeneration {unknown}
Wands
 J - a wand of lightning (0/15)
 Q - a wand of acid (4/15)
Scrolls
 i - 2 scrolls of immolation {unknown}
 j - 2 scrolls of random uselessness {unknown}
 l - a scroll of enchant armour
 p - 2 scrolls of blinking {unknown}
 t - 3 scrolls of fear {unknown}
 y - 3 scrolls of remove curse {unknown}
 A - 2 scrolls of teleportation {unknown}
 B - 2 scrolls of recharging {unknown}
 G - 2 scrolls of amnesia {unknown}
 V - 2 scrolls of identify
Potions
 f - 3 potions of resistance
 m - a potion of cancellation
 o - 2 potions of heal wounds
 q - a potion of haste
 u - 5 potions of flight
 v - 2 potions of agility
 C - a potion of berserk rage
 E - 2 potions of invisibility
 F - a potion of might
 K - a potion of magic
 L - 3 potions of curing
 N - a potion of brilliance {unknown}
 P - a potion of ambrosia {unknown}
Books
 b - a book of Changes

   Spells                             Type                      Level
   a - Beastly Appendage              Transmutation                1
   b - Sticks to Snakes               Transmutation                2
   c - Spider Form                    Transmutation/Poison         3
   d - Ice Form                       Ice/Transmutation            4
   e - Blade Hands                    Transmutation                5
Comestibles
 c - 5 bread rations
 H - 2 meat rations
 W - 2 fruits
 X - 7 chunks of flesh


   Skills:
 - Level 1.1 Fighting
 - Level 1.7 Dodging
 + Level 9.4 Unarmed Combat
 - Level 2.0 Spellcasting
 * Level 10.1 Transmutations


You had one spell level left.
You knew the following spells:

 Your Spells              Type           Power        Failure   Level  Hunger
a - Beastly Appendage     Tmut           ####..       11%         1    #......
b - Sticks to Snakes      Tmut           ####....     12%         2    ###....
c - Spider Form           Tmut/Pois      ###.......   43%         3    ###....
d - Blade Hands           Tmut           ####......   45%         5    ######.


Dungeon Overview and Level Annotations

Branches:
Dungeon (7/15)
 Temple: D:4-7

Altars:
Qazlal
Uskayaw

Shops:
D:5 (


Innate Abilities, Weirdness & Mutations

You can breathe waves of freezing cold.
You can buffet flying creatures when you breathe cold.
Your icy white scales are hard. (AC +7)
You cannot fit into any form of body armour.
Your flesh is cold resistant. (rC+)
You are cold-blooded and may be slowed by cold attacks.


Message History

* * * LOW HITPOINT WARNING * * *
You feel sick. The killer bee misses you. The killer bee closely misses you.
The killer bee stings you but does no damage.
* * * LOW HITPOINT WARNING * * *
You feel very sick. The killer bee completely misses you.
The killer bee closely misses you.
* * * LOW HITPOINT WARNING * * *
You feel sick. The killer bee closely misses you. x2
The killer bee stings you.
* * * LOW HITPOINT WARNING * * *
There is a stone staircase leading up, spattered with blood here.
You see here 7 arrows.
Unknown command.
* * * LOW HITPOINT WARNING * * *
You feel sick.
The killer bee stings you but does no damage. x2
The killer bee closely misses you.
The killer bee stings you but does no damage.
The killer bee stings you!
You die...

#......... #......... ##
#...(.....
....##.......... ...
...##..........# .....
............... .##.####
..##.[).......# .#.....##
#.##.@........# .#......#
#.##yyy.......# ##......##
#.##.t.........
##.......###.....(........
##............##.†........
##............###†......##
##....................#.#
##...............####....
##.....#.###...#... .....


You could see a crocodile and 3 killer bees.

Vanquished Creatures
  Pikel (D:6)
  A troll (D:7)
  A hippogriff (D:7)
  Sigmund (D:5)
  Eustachio (D:4)
  A slave (D:6)
  An ogre (D:5)
  A big kobold (D:6)
  Blork the orc (D:4)
  A bullfrog (D:6)
  A gnoll sergeant (D:6)
  A scorpion (D:5)
  6 killer bees
  4 wights
  2 crimson imps
  A bullfrog zombie (D:5)
  A centaur zombie (D:5)
  3 hounds
  2 jellies
  2 orc wizards
  2 gnoll shamans
  An iguana (D:7)
  Ijyb (D:5)
  3 worker ants
  A killer bee zombie (D:5)
  A hound skeleton (D:4)
  3 worker ant zombies (D:5)
  18 gnolls
  8 adders
  A howler monkey skeleton (D:7)
  3 shadow imps (D:6)
  2 oozes
  3 adder skeletons
  An adder zombie (D:5)
  4 worms
  7 dart slugs
  3 leopard geckos
  16 orcs
  4 giant cockroaches
  10 goblins
  7 hobgoblins
  13 jackals
  A quokka (D:6)
  A bat (D:2)
  10 frilled lizards
  9 kobolds
  A leopard gecko skeleton (D:5)
  A leopard gecko zombie (D:5)
  A quokka skeleton (D:5)
  A quokka zombie (D:5)
  11 rats
181 creatures vanquished.

Vanquished Creatures (collateral kills)
  2 killer bees (D:6)
2 creatures vanquished.

Vanquished Creatures (others)
  A howler monkey skeleton (D:6)
1 creature vanquished.

Grand Total: 184 creatures vanquished

Notes
Turn   | Place    | Note
-------+----------+-------------------------------------------
     0 | D:1      | HAL9000 the Draconian Transmuter began the quest for the Orb.
     0 | D:1      | Reached XP level 1. HP: 16/16 MP: 3/3
   319 | D:1      | Reached XP level 2. HP: 21/23 MP: 5/5
   908 | D:1      | Reached XP level 3. HP: 23/28 MP: 6/6
  1049 | D:1      | Reached skill level 3 in Transmutations
  1671 | D:2      | Learned a level 2 spell: Sticks to Snakes
  1753 | D:2      | Reached XP level 4. HP: 26/35 MP: 4/7
  1863 | D:2      | Learned a level 3 spell: Spider Form
  2252 | D:2      | Found a faded altar of an unknown god.
  3165 | D:2      | Upgraded the game from 0.21-a0-405-gf2af9a1 to 0.21-a0-414-gba8bdf1
  3211 | D:3      | Reached XP level 5. HP: 16/40 MP: 2/8
  3241 | D:2      | Reached skill level 4 in Transmutations
  3927 | D:3      | Noticed a hand axe
  3927 | D:3      | Noticed a dagger
  3930 | D:3      | Found a hide-covered altar of Uskayaw.
  3988 | D:4      | Noticed Blork the orc
  3998 | D:4      | Killed Blork the orc
  3998 | D:4      | Reached skill level 5 in Unarmed Combat
  4077 | D:4      | Reached XP level 6. HP: 24/47 MP: 7/9
  4383 | D:4      | Noticed Eustachio
  4400 | D:4      | Killed Eustachio
  4400 | D:4      | Reached skill level 5 in Transmutations
  4488 | D:4      | Found a stormy altar of Qazlal.
  4493 | D:4      | Noticed a fire elemental
  4495 | D:4      | Noticed a water elemental
  4495 | D:4      | Noticed an air elemental
  4840 | D:4      | Your scales start taking on an icy white colour.
  4840 | D:4      | Reached XP level 7. HP: 46/52 MP: 8/10
  4840 | D:4      | Gained mutation: Your flesh is cold resistant. (rC+) [White Draconian growth]
  5221 | D:5      | Entered Level 5 of the Dungeon
  5386 | D:5      | Reached skill level 6 in Transmutations
  5514 | D:5      | Noticed Ijyb
  5523 | D:5      | Killed Ijyb
  5732 | D:5      | Noticed Sigmund
  5781 | D:5      | Killed Sigmund
  5911 | D:5      | Reached XP level 8. HP: 39/59 MP: 11/11
  6020 | D:5      | Reached skill level 7 in Transmutations
  6432 | D:5      | Found Pagoib's Weapon Boutique.
  6897 | D:6      | Noticed Pikel
  8068 | D:6      | Reached skill level 8 in Transmutations
  8076 | D:6      | Learned a level 5 spell: Blade Hands
  8344 | D:6      | Killed Pikel
  8344 | D:6      | Reached skill level 9 in Transmutations
  8344 | D:6      | Reached XP level 9. HP: 64/64 MP: 12/12
  8828 | D:7      | HP: 2/64 [centaur/arrow (9)]
  9146 | D:7      | Noticed a troll
  9158 | D:7      | Killed a troll
  9380 | D:7      | Reached skill level 10 in Transmutations
  9592 | D:7      | Slain by a killer bee

Vault maps used:
D:1:      dpeg_arrival_morbid_curiosity, minmay_tetromino_o4
D:2:      chequers_ecumenical_altar_simple, first_bread, serial_bayou_pond_a
D:3:      dancing_weapons_uskayaw
D:4:      minmay_crystal_water, nicolae_qazlal_style_of_elements,
          uniq_eustachio, uniq_blork_the_orc
D:5:      serial_shops, kennysheep_mini_moat, serial_undead, serial_undead_f,
          serial_undead_c, serial_undead_f, serial_undead_e, serial_undead_e,
          serial_undead_a, uniq_ijyb, uniq_sigmund
D:6:      uniq_pikel
D:7:      minmay_temple_entry_purple_smoke

Skill      XL: |  1  2  3  4  5  6  7  8  9 |
---------------+----------------------------+-----
Transmutations | 3 4 5 6 9 10 | 10.1
Unarmed Combat | 4 5 6 7 8 9 |  9.4
Fighting       | |  1.1
Dodging        | |  1.7
Spellcasting   | |  2.0

Action                   |  1- 3 |  4- 6 |  7- 9 || total
-------------------------+-------+-------+-------++-------
Melee: Unarmed           |   127 |   234 |   373 ||   734
       Tailslap          |     7 |    14 |    23 ||    44
       Kick              |     2 |     6 |     1 ||     9
       Headbutt          |     1 |     1 |       ||     2
       Punch             |     1 |     2 |     4 ||     7
 Cast: Beastly Appendage |     4 |    10 |       ||    14
       Spider Form       |       |     9 |    20 ||    29
       Sticks to Snakes  |       |     6 |     5 ||    11
       Blade Hands       |       |       |     6 ||     6
 Abil: End Transformatio |       |     4 |    15 ||    19
       Breathe Frost     |       |       |     9 ||     9
Evoke: Wand              |       |     1 |       ||     1
  Use: Scroll            |       |     2 |    11 ||    13
       Potion            |       |     1 |       ||     1
  Eat: Chunk             |     1 |    14 |    16 ||    31
       Fruit             |       |       |     7 ||     7
Armor: Skin              |    37 |    43 |   104 ||   184
Dodge: Dodged            |    74 |   139 |   306 ||   519

Table legend:
 A = Spawn XP
 B = Non-spawn XP
 C = Spawn XP percentage of total XP
 D = Spawn monster count
 E = Non-spawn monster count
 F = Spawn count percentage of total count
 G = Total turns spent on level
                    A         B        C        D         E        F      G
               +---------+---------+-------+---------+---------+-------+---------
         Total |       0 |    4319 |   0.0 |       0 |     182 |   0.0 |  9592
               +---------+---------+-------+---------+---------+-------+---------
           D:1 |       0 |      58 |   0.0 |       0 |      26 |   0.0 |  1390
           D:2 |       0 |     113 |   0.0 |       0 |      29 |   0.0 |  2068
           D:3 |       0 |     133 |   0.0 |       0 |      23 |   0.0 |   835
           D:4 |       0 |     504 |   0.0 |       0 |      25 |   0.0 |   930
           D:5 |       0 |     963 |   0.0 |       0 |      30 |   0.0 |  2204
           D:6 |       0 |    1691 |   0.0 |       0 |      35 |   0.0 |  1863
           D:7 |       0 |     857 |   0.0 |       0 |      14 |   0.0 |   302
               +---------+---------+-------+---------+---------+-------+---------
